 Dungeon Crawl Stone Soup version 0.29-a0-613-gf2c431b9b9 (webtiles) character file.

Game seed: 5041727354320013040

103 schauveau the Chopper (level 4, -6/41 HPs)
             Began as a Minotaur Berserker on June 16, 2022.
             Was a Believer of Trog.
             Mangled by a gnoll
             ... wielding a +0 halberd
              (8 damage)
             ... on level 4 of the Dungeon.
             The game lasted 00:03:50 (2573 turns).

schauveau the Chopper (Minotaur Berserker)          Turns: 2573, Time: 00:03:50

Health: -6/41      AC:  3    Str: 23    XL:     4   Next: 51%
Magic:  3/3        EV: 12    Int:  4    God:    Trog [**....]
Gold:   148        SH:  0    Dex: 10    Spells: 3/3 levels left

rFire   . . .      SeeInvis .   o - +2 hand axe (elec)
rCold   + . .      Faith    .   (no shield)
rNeg    . . .      Spirit   .   b - +0 animal skin
rPois   .          Reflect  .   (helmet restricted)
rElec   .          Harm     .   (no cloak)
rCorr   .          Rampage  .   (no gloves)
Will    .....                   t - +0 pair of boots
Stlth   +.........              (no amulet)
HPRegen 0.13/turn               c - ring of protection from cold
MPRegen 0.08/turn               (no ring)

@: no status effects
A: horns 2, retaliatory headbutt
a: Renounce Religion, Berserk, Trog's Hand


You were on level 4 of the Dungeon.
You worshipped Trog.
Trog was pleased with you.
You visited 1 branch of the dungeon, and saw 4 of its levels.

You collected 148 gold pieces.

Inventory:

Hand Weapons
 a - a +0 hand axe
 o - a +2 hand axe of electrocution (weapon)
Armour
 b - a +0 animal skin (worn)
 t - a +0 pair of boots (worn)
Jewellery
 c - a ring of protection from cold (left hand)
 k - a ring of magical power
 s - a +6 ring of strength
Scrolls
 d - 3 scrolls of vulnerability {unknown}
 e - a scroll of blinking {unknown}
 g - 2 scrolls of fog {unknown}
 h - 2 scrolls of amnesia {unknown}
 i - 4 scrolls of identify {unknown}
 j - a scroll of enchant armour {unknown}
 p - a scroll of silence {unknown}
 q - a scroll of poison {unknown}
 r - a scroll of teleportation {unknown}
 v - a scroll of noise {unknown}
Potions
 f - a potion of magic {unknown}
 l - a potion of flight {unknown}
 m - 2 potions of heal wounds {unknown}
 n - 2 potions of attraction {unknown}
 u - a potion of invisibility {unknown}


   Skills:
 + Level 4.4 Fighting
 + Level 4.9 Axes
 + Level 2.8 Armour
 + Level 2.8 Dodging
 + Level 1.1 Stealth


You had 3 spell levels left.
You didn't know any spells.
Your spell library was empty.

Dungeon Overview and Level Annotations

Branches:
Dungeon (4/15)
 Temple: D:4-7

Altars:
Nemelex Xobeh
Qazlal
Xom

Annotations:
D:4 Menkaure


Innate Abilities, Weirdness & Mutations

You have a pair of horns on your head.
You reflexively headbutt those who attack you in melee.


Message History

The gnoll hits you but does no damage.
You barely miss the howler monkey. The howler monkey hits you.
The gnoll closely misses you.
You hit the howler monkey but do no damage.
You headbutt the howler monkey, but do no damage.
You hit the orc. The howler monkey closely misses you.
The gnoll hits you from afar with a +0 halberd!
* * * LOW HITPOINT WARNING * * *
The howler monkey hits you.
* * * LOW HITPOINT WARNING * * *
You hit the howler monkey but do no damage.
You hit the orc. You barely miss the orc. The orc misses you.
The orc barely misses you. The gnoll closely misses you.
The howler monkey closely misses you.
Menkaure calls on the powers of darkness!
The howler monkey convulses!
Your body is wracked with pain!
* * * LOW HITPOINT WARNING * * *
The gnoll convulses!
The orc convulses! x2; The gnoll convulses! x2
The orc priest convulses!
The hobgoblin convulses!
The gnoll convulses!
The hobgoblin convulses!
You slash the howler monkey!
You kill the howler monkey!
Trog accepts your kill.
You closely miss the orc. You hit the orc but do no damage.
A goblin comes into view. It is wielding a +0 dagger.
The orc hits you with a +0 whip.
* * * LOW HITPOINT WARNING * * *
The orc closely misses you. The gnoll barely misses you.
The gnoll closely misses you.
The goblin shouts!
You hit Menkaure.
Menkaure is lightly damaged.
You hit the orc but do no damage. x2; The orc misses you.
You furiously retaliate!
You headbutt the orc, but do no damage. The orc barely misses you.
You furiously retaliate!
You headbutt the orc, but do no damage.
The orc priest begins to cast a cantrip, but forgets the words!
The gnoll closely misses you.
The gnoll hits you from afar with a +0 halberd!
You die...

..# #### ##...
#..###...####
##...#....#...
#.............
#.............
#.............
##.@M.........
.##.googg..g.$..
#.......g........
......#..og)##....
......#.###g.# #..
.......## #......#
....... ........#
...#..##...g.....#
#.....##.)......


You could see Menkaure, an orc priest, 4 gnolls, 2 orcs, 2 hobgoblins and a
goblin.

Vanquished Creatures
  A howler monkey (D:4)
  2 adders (D:3)
  2 worms
  3 orcs
  6 ball pythons
  4 giant cockroaches (D:1)
  5 goblins
  5 hobgoblins
  3 jackals (D:3)
  8 kobolds
  2 quokkas
  3 bats (D:1)
  4 frilled lizards
  6 rats
54 creatures vanquished.

Notes
Turn   | Place    | Note
-------+----------+-------------------------------------------
     0 | D:1      | schauveau the Minotaur Berserker began the quest for the
                  | Orb.
     0 | D:1      | Reached XP level 1. HP: 19/19 MP: 0/0
   408 | D:1      | Reached XP level 2. HP: 19/27 MP: 1/1
   829 | D:1      | Reached ** piety under Trog
  1181 | D:2      | Reached XP level 3. HP: 33/33 MP: 2/2
  1624 | D:2      | Found a stormy altar of Qazlal.
  1945 | D:3      | Found a shimmering altar of Xom.
  2294 | D:3      | Reached XP level 4. HP: 40/41 MP: 3/3
  2331 | D:3      | Reached skill level 1 in Stealth
  2392 | D:3      | Found a sparkling altar of Nemelex Xobeh.
  2560 | D:4      | Noticed Menkaure
  2572 | D:4      | HP: 2/41 [orc/+0 whip (1)]
  2573 | D:4      | Mangled by a gnoll

Illustrated notes

Levels and vault maps discovered:
D:1:      dpeg_arrival_pond, layout_basic
D:2:      layout_loops_corners, basic_altar
D:3:      layout_basic, overflow_temple_1_default, nemelex_diamond_rough_becter
D:4:      layout_cave_pools, gammafunk_ghost_abyssal_escape, uniq_robin,
          uniq_menkaure

Skill      XL: |  1  2  3  4 |
---------------+-------------+-----
Axes           | 4 |  4.9
Fighting       | 4 |  4.4
Stealth        | 1 |  1.1
Armour         | |  2.8
Dodging        | |  2.8

Action                   |  1- 3 |  4- 6 || total
-------------------------+-------+-------++-------
Melee: Hand axe          |    88 |    19 ||   107
       Headbutt          |    10 |     3 ||    13
 Stab: Sleeping          |     2 |       ||     2
Armor: Animal skin       |    18 |     2 ||    20
Dodge: Dodged            |    64 |    28 ||    92

Table legend: (Time is in decaauts)
 A = Elapsed time spent in this place.
 B = Non-inter-level travel time spent in this place.
 C = Inter-level travel time spent in this place.
 D = Time resting spent in this place.
 E = Time spent auto-exploring this place.
 F = Levels seen in this place.
 G = Mean time per level.
                   A        B        C        D        E       F      G
               +--------+--------+--------+--------+--------+-----+--------+
         Total |   2582 |   2429 |    153 |      0 |   1687 |   4 |  645.5 |
       Dungeon |   2582 |   2429 |    153 |      0 |   1687 |   4 |  645.5 |
               +--------+--------+--------+--------+--------+-----+--------+

Top non-repeatable levels by time:
     D:2: 1044 daAuts
     D:1: 954 daAuts
     D:3: 563 daAuts
     D:4: 20 daAuts
